 Dungeon Crawl Stone Soup version 0.23.0 (webtiles) character file.

Game seed: 149639481330393647

34836 LostNumber the Grappler (level 13, 0/133 HPs)
             Began as a Troll Ice Elementalist on Feb 15, 2019.
             Slain by an entropy weaver
             ... wielding a +0 falchion of slicing
              (3 damage)
             ... on level 5 of the Lair of Beasts.
             The game lasted 00:34:14 (16867 turns).

LostNumber the Grappler (Troll Ice Elementalist)   Turns: 16867, Time: 00:34:14

Health: 0/133      AC:  7    Str: 23    XL:     13   Next: 44%
Magic:  0/13       EV: 12    Int: 11    God:
Gold:   1162       SH:  0    Dex: 10    Spells: 13/14 levels left

rFire    + . .     SeeInvis .     - Unarmed
rCold    + . .     Gourm    +   (no shield)
rNeg     + . .     Faith    .   N - +1 troll leather armour {Snorg}
rPois    +         Spirit   +   x - -2 hat of the Alchemist {rElec rPois rF+ rC+ rN+ MR+ rMut rCorr}
rElec    +         Reflect  .   (no cloak)
rCorr    +         Harm     .   (gloves unavailable)
rMut     +                      (boots unavailable)
MR       +....                  z - amulet of guardian spirit
Stlth    +.........             f - ring of resist corrosion
HPRegen  1.12/turn              (no ring)
MPRegen  0.13/turn

@: no status effects
A: large, unfitting armour, claws 3, fast metabolism 3, gourmand, regeneration
1, shaggy fur 1, tough skin 3
a: no special abilities


You were on level 5 of the Lair of Beasts.
You were completely stuffed.

You visited 2 branches of the dungeon, and saw 15 of its levels.
You also visited: Sewer.

You collected 1162 gold pieces.

Inventory:

Hand Weapons
 D - a +0 morningstar
   (You took it off an orc priest on level 9 of the Dungeon)
 J - the +6 whip "Xunicepa" {pain, rN++ Dex-2}
   (You found it on level 1 of the Lair of Beasts)

   In the hands of one skilled in necromantic magic, it inflicts extra damage on
   living creatures.
   It affects your dexterity (-2).
   It greatly protects you from negative energy.
Missiles
 o - 5 throwing nets (quivered) {!f}
Armour
 a - a +1 robe
 x - the -2 hat of the Alchemist (worn) {rElec rPois rF+ rC+ rN+ MR+ rMut rCorr}
   (You found it on level 8 of the Dungeon)

   It protects you from fire.
   It protects you from cold.
   It insulates you from electricity.
   It protects you from poison.
   It protects you from negative energy.
   It affects your resistance to hostile enchantments.
   It provides partial protection from all sources of acid and corrosion.
   It protects you from mutation.
 N - a +1 troll leather armour (worn) {Snorg}
   (You found it on level 4 of the Lair of Beasts)
Jewellery
 f - a ring of resist corrosion (left claw)
   (You found it in a sewer)
 y - an uncursed ring of fire
   (You found it on level 8 of the Dungeon)
 z - an amulet of guardian spirit (around neck)
   (You found it on level 8 of the Dungeon)
Wands
 d - a wand of iceblast (19)
   (You found it on level 8 of the Dungeon)
 v - a wand of digging (7)
   (You took it off an orc on level 9 of the Dungeon)
 G - a wand of clouds (4)
   (You took it off Harold on level 10 of the Dungeon)
Scrolls
 b - 7 scrolls of remove curse {@r2}
 g - 3 scrolls of immolation {!r}
 h - 3 scrolls of magic mapping
 i - 2 scrolls of teleportation {@r4}
 l - 4 scrolls of enchant armour
 n - a scroll of vulnerability {unknown}
 A - 2 scrolls of enchant weapon
 B - 2 scrolls of noise {unknown}
 C - a scroll of amnesia {unknown}
 E - 2 scrolls of fear {unknown}
 I - 2 scrolls of acquirement {unknown}
 K - a scroll of summoning {unknown}
 L - 3 scrolls of blinking {unknown}
Potions
 c - 4 potions of heal wounds {@q2}
 j - a potion of might {unknown}
 k - 4 potions of flight
 m - a potion of brilliance
 p - 3 potions of magic
 q - 3 potions of cancellation
 r - 2 potions of ambrosia
 s - a potion of mutation {unknown}
 t - a potion of agility
 u - a potion of degeneration {unknown}
 w - 3 potions of haste {@q3}
 F - 2 potions of invisibility
 H - 3 potions of curing {unknown}
Miscellaneous
 O - a phial of floods
   (You found it on level 5 of the Lair of Beasts)
Comestibles
 e - 29 rations {!d}


   Skills:
 + Level 10.0 Fighting
 * Level 7.9 Maces & Flails
 + Level 2.9 Armour
 - Level 7.1 Dodging
 - Level 1.0 Stealth
 + Level 14.8 Unarmed Combat
 - Level 1.2 Spellcasting
   Level 0.6 Conjurations
 - Level 2.1 Ice Magic
 + Level 2.0 Evocations


You had 13 spell levels left.
You knew the following spells:

 Your Spells              Type           Power        Failure   Level  Hunger
a - Freeze                Ice            #...         14%         1    ##.....

Your spell library contained the following spells:

 Spells                   Type           Power        Failure   Level  Hunger
 Throw Frost              Conj/Ice       #.....       30%         2    ###....
 Sting                    Conj/Pois      #...         32%         1    ##.....
 Corona                   Hex            #......      36%         1    ##.....
 Poisonous Vapours        Pois/Air       #.....       50%         2    ###....
 Slow                     Hex            #.......     50%         2    ###....
 Ozocubu's Armour         Chrm/Ice       #.......     56%         3    ####...
 Mephitic Cloud           Conj/Pois/Air  #.......     69%         3    ####...
 Inner Flame              Hex/Fire       #.......     73%         3    ####...
 Portal Projectile        Hex/Tloc       #.....       73%         3    ####...
 Throw Icicle             Conj/Ice       #.......     90%         4    #####..
 Summon Ice Beast         Ice/Summ       #.......     93%         4    #####..
 Cause Fear               Hex            #.........   98%         4    #####..
 Leda's Liquefaction      Hex/Erth       #.........   98%         4    #####..
 Olgreb's Toxic Radiance  Pois           #.......     98%         4    #####..
 Bolt of Magma            Conj/Fire/Erth #.........   100%        5    ######.
 Iskenderun's Battlesphe  Conj/Chrm      #.......     100%        5    ######.
 Venom Bolt               Conj/Pois      #.........   100%        5    ######.
 Iron Shot                Conj/Erth      #.........   100%        6    #######
 Orb of Destruction       Conj           #.........   100%        7    #######
 Spellforged Servitor     Conj/Summ      #.........   100%        7    #######


Dungeon Overview and Level Annotations

Branches:
Dungeon (10/15)            Temple (0/1) D:5            Lair (5/6) D:10
  Swamp (0/4) Lair:2        Snake (0/4) Lair:2          Orc (0/2) D:9
  Slime: Lair:5-6

Altars:
Ashenzari
Elyvilon
Gozag
Kikubaaqudgha
Makhleb
Nemelex Xobeh
Okawaru
Qazlal
Trog
Uskayaw
Vehumet
Yredelemnul
Zin
The Shining One
Beogh

Annotations:
D:10 1 runed translucent door
Lair:1 exclusion: oklob plant


Innate Abilities, Weirdness & Mutations

You are too large for most types of armour.
You have claws for hands.
Your metabolism is lightning-fast.
You like to eat raw meat.
Your natural rate of healing is unusually fast.
You are covered in fur. (AC +1)
You have extremely tough skin. (AC +3)


Message History

You claw the entropy weaver!
You claw the entropy weaver, but do no damage.
The entropy weaver is engulfed in noxious fumes.
The entropy weaver is engulfed in noxious fumes.
All of the chunks of flesh in your inventory have rotted away.
You claw the entropy weaver!
You scratch the entropy weaver but do no damage.
You scratch the entropy weaver.
The entropy weaver seems less confused.
The entropy weaver hits you with a +0 falchion of slicing!
The entropy weaver closely misses you.
The entropy weaver hits you with a +0 falchion of slicing! x2
You barely miss the entropy weaver.
The entropy weaver hits you with a +0 falchion of slicing!
The entropy weaver barely misses you. The entropy weaver closely misses you.
The entropy weaver hits you with a +0 falchion of slicing!
* * * LOW HITPOINT WARNING * * *
You closely miss the entropy weaver.
The entropy weaver hits you with a +0 falchion of slicing!
* * * LOW HITPOINT WARNING * * *
* * * LOW HITPOINT WARNING * * *
The entropy weaver misses you.
The entropy weaver hits you with a +0 falchion of slicing.
* * * LOW HITPOINT WARNING * * *
The entropy weaver hits you with a +0 falchion of slicing!
* * * LOW HITPOINT WARNING * * *
* * * LOW HITPOINT WARNING * * *
The entropy weaver is engulfed in noxious fumes.
Unknown command.
You are no longer corroded.
The entropy weaver is engulfed in noxious fumes.
Aim: an entropy weaver, wielding a +0 falchion of slicing (noxious fumes, moderately wounded)
You create a blast of noxious fumes!
The entropy weaver is engulfed in noxious fumes.
The entropy weaver hits you with a +0 falchion of slicing.
* * * LOW HITPOINT WARNING * * *
* * * LOW HITPOINT WARNING * * *
The entropy weaver hits you with a +0 falchion of slicing!
* * * LOW HITPOINT WARNING * * *
* * * LOW HITPOINT WARNING * * *
The entropy weaver completely misses you.
The entropy weaver hits you with a +0 falchion of slicing.
* * * LOW HITPOINT WARNING * * *
* * * LOW HITPOINT WARNING * * *
The entropy weaver is engulfed in noxious fumes.
The entropy weaver appears confused.
The entropy weaver hits you with a +0 falchion of slicing!
* * * LOW HITPOINT WARNING * * *
* * * LOW HITPOINT WARNING * * *
The entropy weaver hits you with a +0 falchion of slicing.
You die...

......P.#....P#
#.#.##........##
##... .####...# ##
....#.#......##.##
....#..P..§§☼§§#.#
#..#.......°§§..##
#....#..#..☼§§...#
#.P# #######aPP#..#
# ##..# #@###...# #
#...# ###.# .##
#####.###### .#..#
#
#.......#..##....##
.......#.÷.........
..........÷.....#.
.......#.....#####
.###.P######.## .#
#### ##..#


You could see an entropy weaver (confused).

Vanquished Creatures
  An entropy weaver (Lair:4)
  Snorg (Lair:4)
  Erolcha (D:9)
  Harold (D:10)
  A hydra (Lair:4)
  A catoblepas (Lair:4)
  2 two-headed ogres
  A queen ant (Lair:5)
  Nergalle (D:10)
  A fire crab (Lair:5)
  5 black mambas
  10 spiny frogs
  6 komodo dragons
  3 rime drakes
  3 polar bears
  A dream sheep (Lair:3)
  14 blink frogs
  8 hippogriffs
  24 yaks
  2 centaur simulacra (D:10)
  Grum (D:9)
  2 basilisks
  4 hogs (D:8)
  A human (D:8)
  2 steam dragons (D:7)
  12 soldier ants
  13 water moccasins
  7 porcupines
  A sky beast (D:7)
  6 orc warriors
  A black bear (D:8)
  2 ice beasts
  4 centaurs
  5 ogres
  16 wolves
  9 crocodiles
  16 bullfrogs
  2 big kobolds
  5 scorpions
  6 electric eels
  A vampire bat (D:5)
  5 crimson imps
  A bullfrog zombie (D:5)
  A quasit (D:8)
  3 jellies
  11 orc priests
  4 hounds
  6 orc wizards
  2 bullfrog skeletons
  Terence (D:2)
  2 iguanas
  18 worker ants
  2 hound zombies
  2 hound skeletons
  A killer bee simulacrum (D:10)
  3 worker ant zombies
  2 howler monkey skeletons
  11 gnolls
  22 adders
  2 shadow imps
  2 white imps (D:10)
  2 ufetubi (D:10)
  An ooze (D:6)
  An adder zombie (D:5)
  2 worms
  3 dart slugs
  6 leopard geckos
  52 orcs
  3 ball pythons
  6 bats
  2 bat skeletons (D:5)
  2 bat zombies (D:5)
  9 giant cockroaches
  11 goblins
  10 hobgoblins
  7 jackals
  5 quokkas
  8 frilled lizards
  18 kobolds
  A quokka skeleton (D:5)
  8 rats
  A plant (D:10)
462 creatures vanquished.

Vanquished Creatures (others)
  A leopard gecko zombie (D:7)
  5 fungi
  4 plants (Lair:4)
10 creatures vanquished.

Grand Total: 472 creatures vanquished

Notes
Turn   | Place    | Note
-------+----------+-------------------------------------------
     0 | D:1      | LostNumber the Troll Ice Elementalist began the quest for
                  | the Orb.
     0 | D:1      | Reached XP level 1. HP: 16/16 MP: 1/1
    96 | D:1      | Reached skill level 1 in Unarmed Combat
   189 | D:1      | Reached XP level 2. HP: 24/26 MP: 2/2
   701 | D:1      | Reached skill level 1 in Fighting
   718 | D:2      | Found a stormy altar of Qazlal.
   728 | D:2      | Reached skill level 2 in Unarmed Combat
   728 | D:2      | Reached XP level 3. HP: 33/33 MP: 3/3
   839 | D:2      | Noticed Terence
   864 | D:2      | Killed Terence
   864 | D:2      | Reached skill level 3 in Unarmed Combat
   864 | D:2      | Reached XP level 4. HP: 35/41 MP: 4/4
  1220 | D:2      | Reached XP level 5. HP: 42/49 MP: 5/5
  1242 | D:2      | Reached skill level 4 in Unarmed Combat
  1555 | D:3      | Found a white marble altar of Elyvilon.
  1631 | D:3      | Found a bloodstained altar of Trog.
  1757 | D:3      | Reached XP level 6. HP: 25/59 MP: 6/6
  2340 | D:4      | Reached skill level 5 in Unarmed Combat
  2493 | D:4      | Found an iron altar of Okawaru.
  3082 | D:4      | Found a glowing silver altar of Zin.
  3108 | D:5      | Entered Level 5 of the Dungeon
  3264 | D:5      | Found a staircase to the Ecumenical Temple.
  3277 | D:5      | Found a burning altar of Makhleb.
  3332 | D:5      | Reached XP level 7. HP: 36/67 MP: 7/7
  3483 | D:5      | Reached skill level 6 in Unarmed Combat
  3657 | D:5      | Found an opulent altar of Gozag.
  3719 | D:5      | Found an ancient bone altar of Kikubaaqudgha.
  3930 | D:5      | Found a shattered altar of Ashenzari.
  4089 | D:6      | Reached skill level 7 in Unarmed Combat
  4128 | D:6      | Reached XP level 8. HP: 78/78 MP: 8/8
  4188 | D:6      | Found a basalt altar of Yredelemnul.
  4211 | D:6      | Reached skill level 8 in Unarmed Combat
  4385 | D:6      | Found a glowing drain.
  4420 | Sewer    | Entered a sewer
  4626 | Sewer    | Reached skill level 5 in Fighting
  5142 | D:6      | Reached skill level 9 in Unarmed Combat
  5227 | D:6      | Found a sparkling altar of Nemelex Xobeh.
  5673 | D:7      | Reached XP level 9. HP: 69/88 MP: 9/9
  5743 | D:7      | Reached skill level 10 in Unarmed Combat
  5783 | D:7      | Found a stormy altar of Qazlal.
  6559 | D:8      | Reached skill level 11 in Unarmed Combat
  6630 | D:8      | Found a sparkling altar of Nemelex Xobeh.
  6796 | D:8      | Reached XP level 10. HP: 72/100 MP: 10/10
  7088 | D:8      | Found a radiant altar of Vehumet.
  7126 | D:8      | Found the -2 hat of the Alchemist {rElec rPois rF+ rC+ rN+
                  | MR+ rMut rCorr}
  7852 | D:9      | Noticed a two-headed ogre
  7870 | D:9      | Killed a two-headed ogre
  7870 | D:9      | Reached skill level 12 in Unarmed Combat
  8134 | D:9      | Found a staircase to the Orcish Mines.
  8201 | D:9      | Found a hide-covered altar of Uskayaw.
  8206 | D:9      | Noticed Grum
  8349 | D:9      | Killed Grum
  8634 | D:9      | Found a roughly hewn altar of Beogh.
  8806 | D:9      | Found a white marble altar of Elyvilon.
  8955 | D:9      | Noticed Erolcha
  8962 | D:9      | Killed Erolcha
  8962 | D:9      | Reached skill level 5 in Dodging
  8962 | D:9      | Reached XP level 11. HP: 111/111 MP: 11/11
  9256 | D:10     | Entered Level 10 of the Dungeon
  9320 | D:10     | Noticed a two-headed ogre
  9328 | D:10     | Killed a two-headed ogre
  9332 | D:10     | Reached skill level 13 in Unarmed Combat
  9497 | D:10     | Found a runed translucent door.
  9763 | D:10     | Found a glowing golden altar of the Shining One.
  9769 | D:10     | Noticed Nergalle
  9797 | D:10     | Killed Nergalle
 10139 | D:10     | Found a staircase to the Lair.
 10310 | Lair:1   | Entered Level 1 of the Lair of Beasts
 10681 | Lair:1   | Noticed Harold
 10745 | D:10     | Killed Harold
 10886 | Lair:1   | Noticed an oklob plant
 11236 | Lair:1   | Got a polished whip
 11463 | Lair:1   | Identified the +6 whip "Xunicepa" {pain, rN++ Dex-2} (You
                  | found it on level 1 of the Lair of Beasts)
 11479 | Lair:2   | Reached skill level 1 in Maces & Flails
 11929 | Lair:2   | Reached skill level 14 in Unarmed Combat
 12027 | Lair:2   | Found a staircase to the Snake Pit.
 12039 | Lair:2   | Reached XP level 12. HP: 86/122 MP: 8/12
 12190 | Lair:2   | Found a staircase to the Swamp.
 13866 | Lair:4   | Noticed Snorg
 13883 | Lair:3   | Reached skill level 5 in Maces & Flails
 14382 | Lair:4   | Killed Snorg
 14581 | Lair:4   | Reached skill level 1 in Armour
 15259 | Lair:5   | Reached XP level 13. HP: 119/132 MP: 11/13
 15753 | Lair:4   | Reached skill level 1 in Evocations
 16091 | Lair:5   | Noticed an entropy weaver
 16110 | Lair:4   | Killed an entropy weaver
 16441 | Lair:5   | Reached skill level 10 in Fighting
 16851 | Lair:5   | Noticed an entropy weaver
 16867 | Lair:5   | HP: 5/133 [entropy weaver/+0 falchion of slicing (10)]
 16867 | Lair:5   | Slain by an entropy weaver

Skill      XL: |  1  2  3  4  5  6  7  8  9 10 11 12 13 |
---------------+----------------------------------------+-----
Unarmed Combat | 1 2 3 4 5 7 9 11 12 14 | 14.8
Fighting       | 1 2 3 4 5 6 7 8 9 10 | 10.0
Dodging        | 3 5 6 7 |  7.1
Maces & Flails | 2 6 7 |  7.9
Armour         | 1 2 |  2.9
Evocations     | 2 |  2.0
Stealth        | |  1.0
Spellcasting   | |  1.2
Conjurations   | |  0.6
Ice Magic      | |  2.1

Action                   |  1- 3 |  4- 6 |  7- 9 | 10-12 | 13-15 || total
-------------------------+-------+-------+-------+-------+-------++-------
Melee: Unarmed           |    86 |   191 |   401 |   696 |   204 ||  1578
       Punch             |       |     2 |     9 |    34 |    14 ||    59
Evoke: Wand              |       |       |       |       |     2 ||     2
  Use: Scroll            |       |     5 |    12 |     5 |       ||    22
       Potion            |       |       |     2 |     8 |     2 ||    12
 Stab: Sleeping          |     2 |     2 |     1 |     1 |       ||     6
       Distracted        |       |       |       |     1 |       ||     1
  Eat: Chunk             |    13 |    19 |    37 |    78 |    14 ||   161
Armor: Robe              |    75 |    61 |   160 |   103 |       ||   399
       Skin              |       |       |    26 |    67 |    41 ||   134
       Troll leather arm |       |       |       |    20 |    32 ||    52
Dodge: Dodged            |    82 |    80 |   212 |   331 |    85 ||   790
